 Dungeon Crawl Stone Soup version 0.28-a0-793-g31680bbd8b (webtiles) character file.

Game seed: 9734428958660620212

96 ytrimaz the Skirmisher (level 4, 35/35 HPs)
             Began as a Demonspawn Fighter on Nov 4, 2021.
             Quit the game on level 2 of the Dungeon.
             The game lasted 00:01:49 (1623 turns).

ytrimaz the Skirmisher (Demonspawn Fighter)         Turns: 1623, Time: 00:01:49

Health: 35/35      AC:  6    Str: 17    XL:     4   Next: 41%
Magic:  4/4        EV:  9    Int:  9    God:
Gold:   155        SH:  4    Dex: 13    Spells: 3/3 levels left

rFire   . . .      SeeInvis .   a - +0 war axe
rCold   . . .      Faith    .   c - +0 buckler
rNeg    . . .      Spirit   .   b - +0 scale mail
rPois   .          Reflect  .   (no helmet)
rElec   .          Harm     .   (no cloak)
rCorr   .          Rampage  .   (no gloves)
Will    .....                   (no boots)
Stlth   ..........              (no amulet)
HPRegen 0.11/turn               (no ring)
MPRegen 0.09/turn               (no ring)

@: no status effects
A: foul stench 1, spiny 1
a: no special abilities


You were on level 2 of the Dungeon.
You visited 1 branch of the dungeon, and saw 2 of its levels.

You collected 155 gold pieces.

Inventory:

Hand Weapons
 a - a +0 war axe (weapon)
 i - a +1 vorpal hand axe
Armour
 b - a +0 scale mail (worn)
 c - a +0 buckler (worn)
Scrolls
 e - a scroll of identify
 j - a scroll of magic mapping {unknown}
 k - 2 scrolls of fear {unknown}
 l - a scroll of enchant armour {unknown}
 m - a scroll of noise {unknown}
Potions
 d - a potion of might
 f - a potion of heal wounds {unknown}
 g - a potion of degeneration {unknown}
 h - 2 potions of mutation {unknown}


   Skills:
 + Level 3.3 Fighting
 * Level 2.9 Axes
 + Level 3.2 Armour
 * Level 1.2 Dodging
 + Level 3.1 Shields


You had 3 spell levels left.
You didn't know any spells.
Your spell library was empty.

Dungeon Overview and Level Annotations

Branches:
Dungeon (2/15)

Altars:


Innate Abilities, Weirdness & Mutations

You may rarely emit foul miasma when damaged in melee.
You are partially covered in sharp spines.


Message History

The goblin shoots a stone.
The stone completely misses you.
You see here a +0 flail.
The goblin shoots a stone.
The stone barely misses you.
Things that are here:
a +0 whip; a gnoll corpse The goblin shoots a stone.
You block the stone.
The goblin shoots a stone.
The stone closely misses you.
The goblin unwields a +0 hunting sling.
The goblin wields a +0 club.
You block the goblin's attack.
You hit the goblin.
The goblin is heavily wounded.
The goblin is struck by your spines.
You kill the goblin!
You now have 155 gold pieces (gained 12).
Items here: ( )) ? †.
Things that are here:
a +0 whip; a gnoll skeleton You see here a +0 flail.
Things that are here:
a +0 flail; a gnoll skeleton
Found a faded altar of an unknown god.
A giant cockroach comes into view.
A giant cockroach is nearby!
A giant cockroach is nearby!
A giant cockroach is nearby!
Found a scroll labelled QAUSIN ZAUSHA.
A giant cockroach comes into view.
The giant cockroach moves out of view.
You slash the giant cockroach!
You kill the giant cockroach!
No target in view!
No target in view!
No target in view!
No target in view!
No target in view!
No target in view!
No target in view!
No target in view!
No target in view!
Are you sure you want to abandon this character and quit the game? (Confirm with "yes".)

#.#.......... #..# #.
#.....#..#..... #..# #.
#.............### ##.###..###.
#...###......... .............
#.#.#.........###.##......###.
#.................##......# #.
##.....#.#..# ... #..........
##....#.#..##.# #.....####.
#..........@.# ###### #.
####.####.#....# ## #.#
#.#.#...# #.# #.#.#.#'# #.#
#.... . .. #.. ...?# .. .. ###
#.#.# .. . #.#.# ... .....


There were no monsters in sight!

Vanquished Creatures
  4 gnolls (D:2)
  An adder (D:2)
  5 ball pythons
  4 bats (D:1)
  3 endoplasms (D:2)
  2 giant cockroaches (D:2)
  4 goblins
  7 hobgoblins
  3 jackals (D:1)
  A quokka (D:1)
  2 frilled lizards
  6 kobolds
  3 rats
45 creatures vanquished.

Notes
Turn   | Place    | Note
-------+----------+-------------------------------------------
     0 | D:1      | ytrimaz the Demonspawn Fighter began the quest for the Orb.
     0 | D:1      | Reached XP level 1. HP: 18/18 MP: 1/1
   270 | D:1      | Gained mutation: You are partially covered in sharp spines.
                  | [demonic ancestry]
   270 | D:1      | Reached XP level 2. HP: 24/24 MP: 2/2
   943 | D:2      | Reached skill level 1 in Dodging
   945 | D:2      | Reached XP level 3. HP: 28/29 MP: 3/3
  1355 | D:2      | Gained mutation: You may rarely emit foul miasma when
                  | damaged in melee. [demonic ancestry]
  1355 | D:2      | Reached XP level 4. HP: 15/35 MP: 4/4
  1595 | D:2      | Found a faded altar of an unknown god.
  1623 | D:2      | Quit the game

Illustrated notes

Levels and vault maps discovered:
D:1:      scummos_arrival_gate, layout_basic, minmay_three_crescents
D:2:      layout_basic, hellmonk_ecumenical_altar_blasted

Skill      XL: |  1  2  3 |
---------------+----------+-----
Axes           | 2 |  2.9
Shields        | 3 |  3.1
Dodging        | 1 |  1.2
Armour         | 3 |  3.2
Fighting       | |  3.3

Action                   |  1- 3 |  4- 6 || total
-------------------------+-------+-------++-------
Melee: War axe           |    72 |     5 ||    77
  Use: Scroll            |     1 |       ||     1
Armor: Scale mail        |    23 |     1 ||    24
Dodge: Dodged            |    33 |     5 ||    38
Block: Buckler           |    24 |     2 ||    26

Table legend: (Time is in decaauts)
 A = Elapsed time spent in this place.
 B = Non-inter-level travel time spent in this place.
 C = Inter-level travel time spent in this place.
 D = Time resting spent in this place.
 E = Time spent auto-exploring this place.
 F = Levels seen in this place.
 G = Mean time per level.
                   A        B        C        D        E       F      G
               +--------+--------+--------+--------+--------+-----+--------+
         Total |   1654 |   1642 |     12 |      0 |   1399 |   2 |  827.0 |
       Dungeon |   1654 |   1642 |     12 |      0 |   1399 |   2 |  827.0 |
               +--------+--------+--------+--------+--------+-----+--------+

Top non-repeatable levels by time:
     D:1: 948 daAuts
     D:2: 706 daAuts
